cohdb
Replays
Latest Replays
All Replays
Popular Replays
Top Player Replays
Match Explorer
How It Works
Community
CoH3 Stats
Reddit
Sign in to upload your games and track your stats! →
Sign in with Steam
Match 45497324
Unlisted
Match 45497324
Overview
Messages
Build Orders
End
Pioneer Squad
Construct Infanterie Kompanie
Selects Terror Battlegroup
Selects Machine Gun Camouflage
Pioneer Squad
MG 42 Machine Gun Team
MG 42 Machine Gun Team
GrW 34 Mortar Team
Pioneer Squad
Infanterie Officer Quarters
Construct Luftwaffe Kompanie
Jäger Squad
Luftwaffe Officer Quarters
Medical Bunker
Support Elements
MG 42 Machine Gun Team
Jäger Squad
IronCross
Otto Karius
Kyp Durron
NaseMabi
0
0
Comments
sign in to comment!
No comments posted yet!